 Dungeon Crawl Stone Soup version 0.21-a0-516-gaaff437 (webtiles) character file.

285 Gerstahl the Charlatan (level 6, 0/47 HPs)
             Began as a Demonspawn Artificer on Dec 3, 2017.
             Succumbed to an adder's poison
             ... on level 4 of the Dungeon.
             The game lasted 00:08:49 (4694 turns).

Gerstahl the Charlatan (Demonspawn Artificer)       Turns: 4694, Time: 00:08:50

Health: 0/47       AC:  3    Str: 17    XL:     6   Next: 7%
Magic:  9/9        EV: 13    Int: 13    God:
Gold:   175        SH:  0    Dex: 15    Spells: 5/5 levels left

rFire    + . .     SeeInvis .   n - staff of air
rCold    x . .     Gourm    .   (no shield)
rNeg     . . .     Faith    .   b - +0 leather armour
rPois    .         Spirit   .   (helmet unavailable)
rElec    +         Reflect  .   (no cloak)
rCorr    .         Harm     .   (no gloves)
MR       .....                  (no boots)
Stlth    +.........             o - amulet of magic regeneration
HPRegen  0.15/turn              l - ring of fire
MPRegen  0.36/turn              (no ring)

@: mighty, lethally poisoned (0 -> -1)
A: horns 3, powered by pain 1
a: no special abilities


You were on level 4 of the Dungeon.
You were near starving.

You visited 1 branch of the dungeon, and saw 4 of its levels.

You collected 175 gold pieces.

Inventory:

Hand Weapons
 a - a +0 short sword
Armour
 b - a +0 leather armour (worn)
Magical Staves
 n - an uncursed staff of air (weapon)
Jewellery
 l - a ring of fire (left hand)
 o - an amulet of magic regeneration (around neck)
Wands
 d - a wand of enslavement (15)
 e - a wand of random effects (10)
Scrolls
 g - 8 scrolls of identify {unknown}
 h - a scroll of immolation {unknown}
 j - a scroll of remove curse {unknown}
 m - 2 scrolls of teleportation {unknown}
 p - a scroll of fear {unknown}
Potions
 i - 2 potions of invisibility
Comestibles
 f - 3 bread rations
 k - 8 fruits
 q - a meat ration


   Skills:
 + Level 3.0 Fighting
 - Level 2.5 Short Blades
 + Level 0.5 Staves
 + Level 3.3 Dodging
 - Level 0.8 Stealth
 + Level 4.2 Evocations


You had 5 spell levels left.
You didn't know any spells.

Dungeon Overview and Level Annotations

Branches:
Dungeon (4/15)
 Temple: D:4-7

Altars:
Hepliaklqana
Makhleb
Nemelex Xobeh


Innate Abilities, Weirdness & Mutations

You have a pair of large horns on your head.
You sometimes gain a little power by taking damage.


Message History

You focus on the pain.
You feel very mighty all of a sudden.
You hear a howl!
You hear an angry hiss.
You hear a shout!
A worker ant comes into view.
* * * LOW HITPOINT WARNING * * *
You feel sick.
You see here an adder corpse.
* * * LOW HITPOINT WARNING * * *
You feel sick.
A bullfrog zombie comes into view.
Found a leatherbound book.
* * * LOW HITPOINT WARNING * * *
You feel sick.
* * * LOW HITPOINT WARNING * * *
You feel sick.
* * * LOW HITPOINT WARNING * * *
You feel sick.
* * * LOW HITPOINT WARNING * * *
You feel sick.
You die...

...........# ###...
............#########...
........................
........................
#..........a............
........................
........................
.........Z..............
#......@###....#.......#
.........##....#.......#
.........##....#........
.........#.......
.........# ......
.........# ....
.......... ###.......


You could see a worker ant and a bullfrog zombie.

Vanquished Creatures
  A bullfrog zombie (D:4)
  An orc priest (D:2)
  A worker ant (D:2)
  9 adders
  A shadow imp (D:3)
  An adder zombie (D:4)
  A worm (D:2)
  5 dart slugs
  4 leopard geckos
  7 orcs
  10 bats
  5 giant cockroaches
  6 goblins
  11 hobgoblins
  7 jackals
  2 quokkas (D:2)
  6 frilled lizards
  4 kobolds
  A leopard gecko zombie (D:4)
  6 rats
89 creatures vanquished.

Notes
Turn   | Place    | Note
-------+----------+-------------------------------------------
     0 | D:1      | Gerstahl the Demonspawn Artificer began the quest for the Orb.
     0 | D:1      | Reached XP level 1. HP: 15/15 MP: 3/3
    26 | D:1      | Reached skill level 1 in Short Blades
   147 | D:1      | Gained mutation: You sometimes gain a little power by taking damage. [demonic ancestry]
   147 | D:1      | Reached XP level 2. HP: 20/21 MP: 4/4
   755 | D:1      | Gained mutation: You have a pair of small horns on your head. [demonic ancestry]
   755 | D:1      | Reached XP level 3. HP: 20/26 MP: 5/5
  1664 | D:2      | Gained mutation: You have a pair of horns on your head. [demonic ancestry]
  1664 | D:2      | Reached XP level 4. HP: 27/33 MP: 6/6
  2073 | D:2      | Found a hazy altar of Hepliaklqana.
  2539 | D:2      | Gained mutation: You have a pair of large horns on your head. [demonic ancestry]
  2539 | D:2      | Reached XP level 5. HP: 13/39 MP: 7/7
  2909 | D:2      | Reached skill level 4 in Evocations
  3012 | D:2      | Found a sparkling altar of Nemelex Xobeh.
  3012 | D:2      | Found a transporter.
  3390 | D:3      | Found a burning altar of Makhleb.
  4656 | D:4      | Reached XP level 6. HP: 29/47 MP: 9/9
  4679 | D:4      | HP: 2/47 [poisoned by an adder]
  4686 | D:4      | HP: 1/47 [poisoned by an adder]
  4694 | D:4      | Succumbed to an adder's poison

Vault maps used:
D:1:      minmay_arrival_checkered_box, hangedman_glass_teeth
D:2:      minmay_wonky_spiral, marbit_many_paths, first_bread,
          grunt_nemelex_the_gamble
D:3:      makhleb_grotto_becter
D:4:      lemuel_temple_firewalk_a, serial_undead, serial_undead_b,
          serial_undead_a, serial_undead_c, serial_undead_f,
          serial_bayou_crossing

Skill      XL: |  1  2  3  4  5 |
---------------+----------------+-----
Short Blades   | 1 2 |  2.5
Dodging        | 2 3 |  3.3
Fighting       | 2 3 |  3.0
Evocations     | 4 |  4.2
Staves         | |  0.5
Stealth        | |  0.8

Action                   |  1- 3 |  4- 6 || total
-------------------------+-------+-------++-------
Melee: Short sword       |   131 |    71 ||   202
       Headbutt          |     5 |    30 ||    35
       Staff             |       |   134 ||   134
Evoke: Wand              |     4 |    16 ||    20
  Use: Potion            |       |     3 ||     3
 Stab: Sleeping          |     1 |     4 ||     5
  Eat: Chunk             |     2 |     6 ||     8
       Fruit             |       |     3 ||     3
Armor: Leather armour    |    29 |    39 ||    68
Dodge: Dodged            |   104 |   155 ||   259

Table legend:
 A = Spawn XP
 B = Non-spawn XP
 C = Spawn XP percentage of total XP
 D = Spawn monster count
 E = Non-spawn monster count
 F = Spawn count percentage of total count
 G = Total turns spent on level
                    A         B        C        D         E        F      G
               +---------+---------+-------+---------+---------+-------+---------
         Total |       0 |     408 |   0.0 |       0 |      89 |   0.0 |  4694
               +---------+---------+-------+---------+---------+-------+---------
           D:1 |       0 |      55 |   0.0 |       0 |      29 |   0.0 |  1278
           D:2 |       0 |     204 |   0.0 |       0 |      34 |   0.0 |  1892
           D:3 |       0 |      86 |   0.0 |       0 |      22 |   0.0 |  1475
           D:4 |       0 |      63 |   0.0 |       0 |       4 |   0.0 |    49
               +---------+---------+-------+---------+---------+-------+---------
